AoeStats
← Fries

Lombardia

509721179Analyzed
4v4 RM · 5d ago on Sep 27, 2026· 24m 57s· 8 players
Game mode
Random Map
Map size
Large (8 player)
Population
200
Speed
Normal
Resources
Standard
Victory
Conquest
Starting age
Dark Age
Ending age
Imperial Age
RankedLock teamsTeams togetherTeam positionsShared explorationLock speedFull tech treeHidden civsTurbo modeCheats
Victory
Defeat
🇫🇷 Britons · France
1786
+10
🇫🇷 Varangians · France
1749
+12
🇫🇷 Hindustanis · France
1748
+12
🇫🇷 Saracens · France
1480
+22
🇹🇼 Mongols · Taiwan
1705
-16
🇹🇼 Saracens · Taiwan
1651
-14
1633
-13
🇹🇼 Persians · Taiwan
1616
-13
再吵去東湖框你媽出場
7:23 Loom
9:39 Feudal Age
10:29 Double-Bit Axe
17:28 Horse Collar
23:02 Scale Barding Armor
23:53 Forging
BøM_antihack.exe
5:47 Loom
8:08 Feudal Age
8:19 Loom
9:58 Double-Bit Axe
BøM_Sheuu
5:33 Loom
9:31 Feudal Age
10:14 Double-Bit Axe
13:26 Fletching
16:45 Padded Archer Armor
22:05 Castle Age
22:45 Bodkin Arrow
22:10 Crossbowman
23:03 Bow Saw
Fries
8:56 Loom
11:31 Feudal Age
15:09 Castle Age
14:27 Double-Bit Axe
14:53 Horse Collar
20:49 Wheelbarrow
21:22 Bow Saw
22:53 Heavy Plow
23:42 Town Watch
24:14 Hand Cart
24:05 Gold Mining
Kiddo
5:29 Loom
8:41 Feudal Age
12:32 Fletching
19:47 Double-Bit Axe
27:02 Castle Age
Hugo4774
11:54 Feudal Age
15:40 Castle Age
14:16 Double-Bit Axe
15:06 Horse Collar
15:16 Loom
22:40 Town Watch
25:58 Wheelbarrow
25:42 Bow Saw
Kimbo
6:17 Loom
8:34 Feudal Age
9:01 Double-Bit Axe
10:05 Town Watch
15:31 Scale Barding Armor
15:19 Horse Collar
17:49 Forging
19:47 Bloodlines
25:36 Castle Age
guimbo
5:49 Loom
8:26 Feudal Age
9:31 Double-Bit Axe
10:00 Horse Collar
15:47 Bloodlines
16:21 Forging
18:05 Scale Barding Armor
22:25 Castle Age
23:08 Husbandry
22:29 Light Cavalry
23:45 Heavy Plow
23:56 Bow Saw
Connection lost

Rejoining the realm…

Still unreachable

The connection could not be restored.

Session expired

The server has moved on; the page needs a fresh start.